 Dungeon Crawl Stone Soup version 0.21.1-1-g345015f (webtiles) character file.

380 Monsterracer the Magician (level 6, 0/44 HPs)
             Began as a Gnoll Wizard on Mar 9, 2018.
             Was an Initiate of Ru.
             Slain by a river rat (6 damage)
             ... summoned by Eustachio
             ... on level 4 of the Dungeon.
             The game lasted 00:07:23 (3902 turns).

Monsterracer the Magician (Gnoll Wizard)            Turns: 3902, Time: 00:07:24

Health: 0/44       AC:  3    Str:  9    XL:     6   Next: 75%
Magic:  13/16      EV: 14    Int: 23    God:    Ru [......]
Gold:   309        SH:  0    Dex: 13    Spells: 10/19 levels left

rFire    + . .     SeeInvis .   a - +0 long sword
rCold    . . .     Gourm    +   (no shield)
rNeg     . . .     Faith    .   v - +0 robe
rPois    .         Spirit   .   b - +0 hat
rElec    .         Reflect  .   (no cloak)
rCorr    .         Harm     .   k - +0 pair of gloves
MR       +....                  (no boots)
Stlth    +++.......             r - amulet of the gourmand
HPRegen  0.14/turn              t - ring of protection from fire {!d}
MPRegen  0.15/turn              y - ring of protection from magic {!d}

@: no status effects
A: distributed training, fangs 1, strong nose
a: Renounce Religion


You were on level 4 of the Dungeon.
You worshipped Ru.
Ru was noncommittal.
You were not hungry.

You visited 1 branch of the dungeon, and saw 4 of its levels.
You also visited: Sewer.

You collected 309 gold pieces.

Inventory:

Hand Weapons
 a - a +0 long sword (weapon)
 w - a +1 broad axe
Armour
 b - a +0 hat (worn)
 k - a +0 pair of gloves (worn)
 v - a +0 robe (worn)
Jewellery
 r - an amulet of the gourmand (around neck)
 t - a ring of protection from fire (left hand) {!d}
 y - a ring of protection from magic (right hand) {!d}
Wands
 x - a wand of flame (29)
Scrolls
 f - 2 scrolls of remove curse
 h - 5 scrolls of teleportation
 l - a scroll of amnesia
Potions
 i - a potion of degeneration {unknown}
 j - 2 potions of invisibility
 m - a potion of resistance {unknown}
 p - 3 potions of haste
 q - a potion of lignification {unknown}
 s - a potion of curing {unknown}
 u - 2 potions of flight {unknown}
Comestibles
 c - 6 rations


   Skills:
 + Level 2.0 Fighting
 + Level 2.0 Short Blades
 + Level 2.0 Long Blades
 + Level 2.0 Axes
 + Level 2.0 Maces & Flails
 + Level 2.0 Polearms
 + Level 2.0 Staves
 + Level 2.0 Slings
 + Level 2.0 Bows
 + Level 2.0 Crossbows
 + Level 2.0 Throwing
 + Level 2.0 Armour
 + Level 5.0 Dodging
 + Level 4.6 Stealth
 + Level 2.0 Shields
 + Level 2.0 Unarmed Combat
 + Level 7.4 Spellcasting
 + Level 2.7 Conjurations
 + Level 1.6 Hexes
 + Level 1.6 Charms
 + Level 2.7 Summonings
 + Level 1.6 Necromancy
 + Level 2.7 Translocations
 + Level 1.6 Transmutations
 + Level 1.6 Fire Magic
 + Level 1.6 Ice Magic
 + Level 1.6 Air Magic
 + Level 1.6 Earth Magic
 + Level 1.6 Poison Magic
 + Level 2.2 Invocations
 + Level 2.0 Evocations


You had 10 spell levels left.
You knew the following spells:

 Your Spells              Type           Power        Failure   Level  Hunger
a - Magic Dart            Conj           ###.         2%          1    None
b - Conjure Flame         Conj/Fire      ###.....     9%          3    None
c - Mephitic Cloud        Conj/Pois/Air  ###.....     10%         3    None
e - Blink                 Tloc           N/A          3%          2    None


Dungeon Overview and Level Annotations

Branches:
Dungeon (4/15)
 Temple: D:4-7

Altars:
Makhleb
Ru
Vehumet

Annotations:
D:4 Eustachio


Innate Abilities, Weirdness & Mutations

Your experience applies equally to all skills.
You have very sharp teeth.
Your uncanny sense of smell can sniff out nearby items.


Message History

Aiming: Magic Dart
Press: ? - help, Shift-Dir - straight line, f/p - adder skeleton
Aim: an adder skeleton (almost destroyed)
The magic dart hits the adder skeleton.
You destroy the adder skeleton!
You now have 12/16 mp.
Unknown command.
Casting: Magic Dart
Confirm with . or Enter, or press ? or * to list all spells.
You can't see any susceptible monsters within range! (Use Z to cast anyway.) Unknown command.
(D) Dungeon
Where to? (Enter - D:4 @ (x,y), ? - help)
c - 6 rations (gained 1)
You regained 2 hp, and now have 42/44 hp.
You regained 2 mp, and now have 14/16 mp.
You now have 309 gold pieces (gained 15).
Magic restored.
HP restored.
Eustachio is too close now for your liking.
Health restored: 44; MP restored: 16
Found a puce potion and 17 stones.
A hound comes into view.
Found a stone staircase leading down.
The helpless Eustachio fails to defend himself.
You hit Eustachio but do no damage. Eustachio hits you with a falchion.
You take 5 damage, and have 39/44 hp.
Eustachio brags, "I can call spirits from the vasty deep."
You see here a bardiche.
Eustachio casts a spell.
Eustachio blinks!
Casting: Magic Dart
Confirm with . or Enter, or press ? or * to list all spells.
Aiming: Conjure Flame
Press: ? - help, Dir - move target cursor The fire ignites!
You now have 13/16 mp.
You hit Eustachio.
Eustachio is lightly wounded.
Eustachio gestures wildly while chanting.
Eustachio blinks!
Eustachio gestures wildly while chanting.
Eustachio gestures wildly while chanting.
Eustachio blinks!
Eustachio gestures wildly while chanting.
Eustachio gestures wildly while chanting.
Eustachio blinks!
The river rat barely misses you. Eustachio barely misses you.
You riposte.
You closely miss Eustachio.
Eustachio is lightly wounded.
The river rat bites you.
You take 5 damage, and have 36/44 hp.
You hit the ufetubus.
The ufetubus is heavily wounded.
The river rat closely misses you.
Eustachio mumbles some strange words.
Eustachio blinks!
The ufetubus hits you but does no damage.
The ufetubus misses you. The ufetubus completely misses you.
The ufetubus hits you. The rat closely misses you.
Eustachio gestures wildly while chanting.
The river rat bites you. The ufetubus hits you.
The ufetubus completely misses you.
You take 8 damage, and have 28/44 hp.
The ufetubus closely misses you. x3; The ufetubus hits you.
You take 3 damage, and have 25/44 hp.
You closely miss the ufetubus.
The ufetubus is heavily wounded.
The ufetubus hits you. x2
* * * LOW HITPOINT WARNING * * *
The ufetubus misses you. The ufetubus barely misses you. The rat bites you.
* * * LOW HITPOINT WARNING * * *
The quokka bites you but does no damage.
The ufetubus barely misses you.
You riposte.
You barely miss the ufetubus. The ufetubus closely misses you.
The ufetubus hits you but does no damage.
The ufetubus closely misses you.
You take 5 damage, and have 20/44 hp.
Casting: Conjure Flame
Confirm with . or Enter, or press ? or * to list all spells.
You blink.
You now have 13/16 mp.
The river rat bites you.
* * * LOW HITPOINT WARNING * * *
The ufetubus closely misses you.
The ufetubus hits you but does no damage.
The iron imp barely misses you.
You take 2 damage, and have 18/44 hp.
The ufetubus hits you.
* * * LOW HITPOINT WARNING * * *
The ufetubus hits you but does no damage.
Eustachio gestures wildly while chanting.
Eustachio blinks!
There is a stone staircase leading up here.
You take 2 damage, and have 16/44 hp.
The ufetubus hits you.
* * * LOW HITPOINT WARNING * * *
The ufetubus hits you.
* * * LOW HITPOINT WARNING * * *
The river rat bites you.
You die...

,,* #...####### #.# #,* #...# #.#
#.########## ##.## #.#
#..........# ##.# #.#
*#.........# #..# #.# ##....<)..#
#.####### ##.#
#........###.###...## #...
########.##..##.....## #.##
*#...##@5.@...# #### ***
#.....r55....# ##.. **,***
♣♣.####rrY....# ##.#. ,,,,,**
♣♣.....##r<...## #_.(#
,,,,,,*♣♣.......#.....## *#####..
,≈≈≈,,,♣...≈≈≈.........###...##..
≈≈≈≈≈.....≈≈≈≈≈.........#..#**###
≈≈_≈≈.....≈≈♣≈≈...........#*
≈≈≈≈≈.....≈≈≈≈≈..........##


You could see Eustachio, an ice beast, an iron imp, 2 river rats, 2 ufetubi, a
quokka and a rat.

Vanquished Creatures
  Purgy (Sewer)
  An ogre (D:3)
  Jessica (D:2)
  Terence (D:2)
  3 adders (D:3)
  3 oozes
  An adder skeleton (D:4)
  3 worms
  2 dart slugs (D:3)
  3 leopard geckos
  4 orcs
  A ball python (D:3)
  12 giant cockroaches
  4 hobgoblins
  2 jackals (D:2)
  11 kobolds
  2 quokkas (D:3)
  20 bats
  7 frilled lizards
  5 goblins
  A leopard gecko skeleton (D:4)
  8 rats
96 creatures vanquished.

Vanquished Creatures (others)
  A plant (D:1)
1 creature vanquished.

Grand Total: 97 creatures vanquished

Notes
Turn   | Place    | Note
-------+----------+-------------------------------------------
     0 | D:1      | Monsterracer the Gnoll Wizard began the quest for the Orb.
     0 | D:1      | Reached XP level 1. HP: 13/13 MP: 8/8
   135 | D:1      | Reached XP level 2. HP: 19/19 MP: 7/10
   175 | D:1      | Learned a level 2 spell: Blink
   493 | D:1      | Reached XP level 3. HP: 25/25 MP: 8/11
   525 | D:1      | Learned a level 3 spell: Conjure Flame
   529 | D:1      | Learned a level 3 spell: Mephitic Cloud
  1357 | D:2      | Reached skill level 1 in Invocations
  1369 | D:2      | Noticed Terence
  1587 | D:2      | Killed Terence
  1587 | D:2      | Reached skill level 1 in Fighting
  1587 | D:2      | Reached skill level 1 in Short Blades
  1587 | D:2      | Reached skill level 1 in Long Blades
  1587 | D:2      | Reached skill level 1 in Axes
  1587 | D:2      | Reached skill level 1 in Maces & Flails
  1587 | D:2      | Reached skill level 1 in Polearms
  1587 | D:2      | Reached skill level 1 in Staves
  1587 | D:2      | Reached skill level 1 in Slings
  1587 | D:2      | Reached skill level 1 in Bows
  1587 | D:2      | Reached skill level 1 in Crossbows
  1587 | D:2      | Reached skill level 1 in Throwing
  1587 | D:2      | Reached skill level 1 in Armour
  1587 | D:2      | Reached skill level 1 in Shields
  1587 | D:2      | Reached skill level 1 in Unarmed Combat
  1587 | D:2      | Reached skill level 1 in Evocations
  1587 | D:2      | Reached XP level 4. HP: 24/32 MP: 0/13
  2068 | D:2      | Found a radiant altar of Vehumet.
  2100 | D:2      | Noticed Jessica
  2104 | D:2      | Killed Jessica
  2104 | D:2      | Reached skill level 1 in Hexes
  2104 | D:2      | Reached skill level 1 in Charms
  2104 | D:2      | Reached skill level 1 in Necromancy
  2104 | D:2      | Reached skill level 1 in Transmutations
  2104 | D:2      | Reached skill level 1 in Fire Magic
  2104 | D:2      | Reached skill level 1 in Ice Magic
  2104 | D:2      | Reached skill level 1 in Air Magic
  2104 | D:2      | Reached skill level 1 in Earth Magic
  2104 | D:2      | Reached skill level 1 in Poison Magic
  2253 | D:3      | Noticed an ogre
  2267 | D:3      | Reached XP level 5. HP: 32/37 MP: 9/14
  2282 | D:3      | Killed an ogre
  2341 | D:3      | HP: 18/37 [worm (3)]
  2438 | D:3      | HP: 18/37 [quokka (3)]
  2502 | D:3      | HP: 18/37 [worm (4)]
  2563 | D:3      | Reached XP level 6. HP: 26/44 MP: 10/16
  2565 | D:3      | HP: 22/44 [orc (2)]
  2612 | D:3      | Found a glowing drain.
  2704 | Sewer    | Entered a sewer
  2817 | Sewer    | Noticed Purgy
  2835 | Sewer    | Killed Purgy
  2835 | Sewer    | Reached skill level 5 in Dodging
  3568 | D:4      | Noticed an ice beast
  3572 | D:4      | Noticed Eustachio
  3719 | D:2      | Found a burning altar of Makhleb.
  3789 | D:4      | Found a sacrificial altar of Ru.
  3794 | D:4      | Became a worshipper of Ru the Awakened
  3897 | D:4      | HP: 21/44 [ufetubus[Eustachio] (3)]
  3902 | D:4      | HP: 11/44 [ufetubus[Eustachio] (5)]
  3902 | D:4      | Slain by a river rat

Skill      XL: |  1  2  3  4  5  6 |
---------------+-------------------+-----
Conjurations   | 2 |  2.7
Summonings     | 2 |  2.7
Translocations | 2 |  2.7
Invocations    | 1 2 |  2.2
Fighting       | 1 2 |  2.0
Short Blades   | 1 2 |  2.0
Long Blades    | 1 2 |  2.0
Axes           | 1 2 |  2.0
Maces & Flails | 1 2 |  2.0
Polearms       | 1 2 |  2.0
Staves         | 1 2 |  2.0
Slings         | 1 2 |  2.0
Bows           | 1 2 |  2.0
Crossbows      | 1 2 |  2.0
Throwing       | 1 2 |  2.0
Armour         | 1 2 |  2.0
Shields        | 1 2 |  2.0
Unarmed Combat | 1 2 |  2.0
Evocations     | 1 2 |  2.0
Hexes          | 1 |  1.6
Charms         | 1 |  1.6
Necromancy     | 1 |  1.6
Transmutations | 1 |  1.6
Fire Magic     | 1 |  1.6
Ice Magic      | 1 |  1.6
Air Magic      | 1 |  1.6
Earth Magic    | 1 |  1.6
Poison Magic   | 1 |  1.6
Dodging        | 5 |  5.0
Stealth        | |  4.6
Spellcasting   | |  7.4

Action                   |  1- 3 |  4- 6 || total
-------------------------+-------+-------++-------
Melee: Short sword       |    20 |    34 ||    54
       Bite              |     4 |     7 ||    11
       Long sword        |       |    20 ||    20
 Cast: Magic Dart        |    71 |   116 ||   187
       Blink             |     8 |     1 ||     9
       Conjure Flame     |     2 |     4 ||     6
       Mephitic Cloud    |     1 |     2 ||     3
  Use: Scroll            |       |     9 ||     9
 Stab: Sleeping          |       |     3 ||     3
  Eat: Chunk             |     2 |     7 ||     9
Armor: Robe              |     4 |    22 ||    26
Dodge: Dodged            |    22 |    75 ||    97
       Rpst.: Long sword |       |     9 ||     9

Vault maps used:
D:1:      minmay_arrival_five_plusses, lexackson_kobold_supper
D:2:      nicolae_overflow_hidden_temple, uniq_terence, uniq_jessica
D:3:      gup_sewer_entry_glass
D:4:      marbit_many_paths, first_ration, st_stairs_12, elyvilon_altar_3,
          uniq_natasha, uniq_grinder, uniq_eustachio
Sewer:    sewer_big_baddie
